 Dungeon Crawl Stone Soup version 0.27-a0-1060-gcb85b5eba1 (webtiles) character file.

Game seed: 14427507861681876066

103 sizableburger the Chucker (level 4, -2/35 HPs)
             Began as a Mummy Hunter on Apr 22, 2021.
             Slain by an orc
             ... wielding a +0 trident
              (7 damage)
             ... on level 3 of the Dungeon.
             The game lasted 00:05:39 (3098 turns).

sizableburger the Chucker (Mummy Hunter)            Turns: 3098, Time: 00:05:40

Health: -2/35      AC:  3    Str: 16    XL:     4   Next: 51%
Magic:  4/4        EV: 11    Int: 10    God:
Gold:   50         SH:  0    Dex: 12    Spells: 3/3 levels left

rFire    x . .     SeeInvis .   e - +0 dagger
rCold    + . .     Faith    .   (no shield)
rNeg     + + +     Spirit   .   b - +0 leather armour
rPois    ∞         Reflect  .   (no helmet)
rElec    .         Harm     .   (no cloak)
rCorr    .         Rampage  .   (no gloves)
Will     .....                  (no boots)
Stlth    +.........             (no amulet)
HPRegen  0.11/turn              i - ring of wizardry
MPRegen  0.09/turn              (no ring)

@: confused
A: cold resistance 1, negative energy resistance 3, torment resistance 2,
unbreathing 1, heat vulnerability 1, no potions
a: no special abilities


You were on level 3 of the Dungeon.
You visited 1 branch of the dungeon, and saw 3 of its levels.

You collected 50 gold pieces.

Inventory:

Hand Weapons
 a - a +0 short sword
 e - a +0 dagger (weapon)
Missiles
 c - 4 javelins (quivered)
Armour
 b - a +0 leather armour (worn)
Jewellery
 d - a ring of poison resistance
 f - an amulet of faith
 h - a ring of positive energy
 i - a ring of wizardry (left hand)
Wands
 k - a wand of polymorph (9)
Scrolls
 g - 3 scrolls of teleportation {unknown}
 j - 2 scrolls of identify {unknown}


   Skills:
 + Level 3.1 Fighting
 + Level 1.8 Short Blades
 + Level 3.9 Throwing
 - Level 1.5 Dodging
 - Level 0.7 Stealth


You had 3 spell levels left.
You didn't know any spells.
Your spell library was empty.

Dungeon Overview and Level Annotations

Branches:
Dungeon (3/15)

Altars:
Hepliaklqana

Annotations:
D:2 Terence


Innate Abilities, Weirdness & Mutations

You are immune to poison.
Your flesh is cold resistant. (rC+)
You are immune to negative energy. (rN+++)
You are immune to unholy pain and torment.
You can survive without breathing.
You are vulnerable to heat. (rF-)
You do not drink.


Message History

The orc shouts!
You hear a shout! x2
An orc is nearby!
Throw: 2 javelins
Press: ? - help, Q - select action, (/) - cycle Shift-Dir - straight line, f - orc
Aim: an orc, wielding a +0 hand axe and wearing a +0 robe (59% to hit)
You throw a javelin. The javelin barely misses the orc.
The orc hits you with a +0 hand axe.
Unknown command.
Throw: javelin
Press: ? - help, Q - select action, (/) - cycle Shift-Dir - straight line, f/p - orc
Aim: an orc, wielding a +0 hand axe and wearing a +0 robe (59% to hit)
You throw a javelin. The javelin pierces through the orc!
You kill the orc!
Unknown command.
The orc throws a boomerang.
The boomerang hits you.
The orc throws a boomerang.
The boomerang closely misses you.
The orc throws a boomerang.
The boomerang hits you.
You see here a +0 dagger.
Items here: )) [[ †.
An orc comes into view. It is wielding a +0 trident.
The orc shouts!
You hear a shout!
An orc comes into view. It is wielding a +0 club.
You see here a frilled lizard corpse.
An orc wizard comes into view. It is wielding a +0 dagger.
The orc throws a boomerang.
The boomerang barely misses you.
An orc comes into view. It is wielding a +2 vorpal morningstar.
The orc wizard gestures at you while chanting.
You are confused.
You see here 4 javelins.
c - 4 javelins You are too confused!
You can't drink.
The orc wizard casts a spell at you. The puff of flame hits you!
The fire burns you terribly!
* * * LOW HITPOINT WARNING * * *
You're too confused to move!
You bump into the rock wall.
The orc wizard hits you but does no damage.
The orc hits you from afar with a +0 trident!
You die...

## S.# #.# #.##
######..#
#...#...##
#.#...#@#..##
#......o....#
#......o##..# ##
#.#.####o##.###<#
.. #...#)....#
#.. #.#.#.##...#
.. .o.###.†##..#
# ####...#.)#..#
#..##o###)..#


You could see an orc wizard and 2 orcs.

Vanquished Creatures
  Natasha (twice) (D:2)
  An adder (D:2)
  2 dart slugs (D:1)
  3 orcs (D:3)
  A ball python (D:1)
  4 endoplasms
  A giant cockroach (D:1)
  A hobgoblin (D:1)
  5 jackals
  3 kobolds
  2 quokkas (D:1)
  2 bats (D:2)
  4 frilled lizards
  6 rats (D:1)
37 creatures vanquished.

Notes
Turn   | Place    | Note
-------+----------+-------------------------------------------
     0 | D:1      | sizableburger the Mummy Hunter began the quest for the Orb.
     0 | D:1      | Reached XP level 1. HP: 16/16 MP: 1/1
   230 | D:1      | Reached XP level 2. HP: 22/22 MP: 2/2
   492 | D:1      | HP: 1/22 [kobold/+0 short sword (6)]
  1202 | D:1      | Reached skill level 1 in Short Blades
  1630 | D:2      | Noticed Natasha
  1646 | D:1      | Reached XP level 3. HP: 19/28 MP: 3/3
  1754 | D:2      | Killed Natasha
  1825 | D:2      | Noticed Natasha
  1834 | D:2      | Killed Natasha
  1835 | D:2      | Reached XP level 4. HP: 15/35 MP: 4/4
  2208 | D:2      | Noticed Terence
  2704 | D:2      | Found a hazy altar of Hepliaklqana.
  2718 | D:2      | Found a faded altar of an unknown god.
  2910 | D:3      | Found a hazy altar of Hepliaklqana.
  3098 | D:3      | Slain by an orc

Illustrated notes

Levels and vault maps discovered:
D:1:      dpeg_arrival_ratfight, layout_loops_cross
D:2:      layout_basic, basic_altar, ebering_ecumenical_altar_box, fountainhead,
          uniq_terence, uniq_natasha
D:3:      layout_basic, nicolae_hepliaklqana_hazy_memory,
          nicolae_qazlal_style_of_elements, minmay_pentomino_pile

Skill      XL: |  1  2  3 |
---------------+----------+-----
Short Blades   | 1 |  1.8
Fighting       | 3 |  3.1
Throwing       | |  3.9
Dodging        | |  1.5
Stealth        | |  0.7

Action                   |  1- 3 |  4- 6 || total
-------------------------+-------+-------++-------
Melee: Short sword       |    13 |       ||    13
       Dagger            |    74 |    51 ||   125
Throw: Javelin           |    21 |    11 ||    32
       Throwing net      |     4 |       ||     4
 Stab: Held in net/web   |     1 |       ||     1
       Sleeping          |     1 |       ||     1
Armor: Leather armour    |    26 |    25 ||    51
Dodge: Dodged            |    63 |    47 ||   110

Table legend: (Time is in decaauts)
 A = Elapsed time spent in this place.
 B = Non-inter-level travel time spent in this place.
 C = Inter-level travel time spent in this place.
 D = Time resting spent in this place.
 E = Time spent auto-exploring this place.
 F = Levels seen in this place.
 G = Mean time per level.
                   A        B        C        D        E       F      G
               +--------+--------+--------+--------+--------+-----+--------+
         Total |   3105 |   2982 |    123 |   1148 |   1306 |   3 | 1035.0 |
       Dungeon |   3105 |   2982 |    123 |   1148 |   1306 |   3 | 1035.0 |
               +--------+--------+--------+--------+--------+-----+--------+

Top non-repeatable levels by time:
     D:1: 1831 daAuts
     D:2: 1085 daAuts
     D:3: 188 daAuts
